[Event "Titled Tuesday Blitz May 24 Late 2022"]
[White "Domingo Nunez, Ruben"]
[Black "Yuan, Qingyu"]
[WhiteFideId "22245570"]
[BlackFideId "8609772"]
[WhiteElo "2376"]
[BlackElo "2359"]
[Result "1-0"]
[Round "02"]
[TimeControl "180+1"]
[Date "2022.05.24"]
[WhiteClock "0:00:02"]
[BlackClock "0:00:03"]

1. d4 d5 2. g3 Nf6 3. Bg2 e6 4. Nf3 c5 5. c3 Nc6 6. O-O Be7 7. Re1 O-O 8. Bf4 cxd4 9. cxd4 Qb6 10. b3 Bb4 11. Rf1 Ne4 12. Qd3 a5 13. a3 Be7 14. Nc3 Nxc3 15. Qxc3 Bd7 16. Rfc1 Rfc8 17. Qd3 Bf6 18. e3 h6 19. h4 Ne7 20. g4 Bb5 21. Qd1 Ng6 22. Bg3 a4 23. Rxc8+ Rxc8 24. bxa4 Bc4 25. h5 Nf8 26. Nd2 Ba6 27. Rb1 Qa5 28. Bf1 Rc3 29. Bd6 Rc8 30. Bb5 Qd8 31. Bg3 Be7 32. Qb3 Qa5 33. Nf3 Rc3 34. Qd1 Bxa3 35. Qd2 Bb4 36. Kg2 Rb3 37. Qc2 Rxb1 38. Qxb1 Bxb5 39. axb5 Nd7 40. Ne5 Nxe5 41. Bxe5 Qa3 42. Qc2 Qc3 43. Qa4 Qa3 44. Qc2 Qc3 45. Qe2 f6 46. Bg3 Be7 47. Qa2 Qc8 48. Qa5 Kf7 49. Qb6 Bd8 50. Qd6 Be7 51. Qb6 Qd7 52. Bf4 e5 53. dxe5 Qxg4+ 54. Bg3 Qd7 55. e6+ Qxe6 56. Qxb7 Qe4+ 57. Kg1 Qb1+ 58. Kh2 Qf5 59. Qc6 Qxh5+ 60. Kg2 Qf5 61. b6 Qe4+ 62. Kh2 h5 63. b7 h4 64. b8=Q hxg3+ 65. Qxg3 g5 66. Qd7 Kg6 67. Qdg4 Qb1 68. Q3f3 Bd6+ 69. Kg2 Be5 70. Qh5+ Kg7 71. Qfg4 Qd3 72. Qd7+ Kf8 73. Qhf7# 1-0


[Site "https://www.chess.com"]

[Event "Titled Tuesday Blitz May 24 Late 2022"]
[White "Drygalov, Andrey"]
[Black "Yedidia, Daniel"]
[WhiteFideId "24171735"]
[BlackFideId "30905907"]
[WhiteElo "2540"]
[BlackElo "2576"]
[Result "1-0"]
[Round "02"]
[TimeControl "180+1"]
[Date "2022.05.24"]
[WhiteClock "0:01:02"]
[BlackClock "0:00:14"]

1. e4 e5 2. Nf3 Nc6 3. Bb5 a6 4. Ba4 Nf6 5. O-O Be7 6. Re1 b5 7. Bb3 O-O 8. a4 b4 9. a5 Rb8 10. d3 d6 11. Nbd2 Be6 12. Bxe6 fxe6 13. c3 Qd7 14. h3 Nh5 15. d4 Nf4 16. Nc4 exd4 17. cxd4 Ng6 18. d5 Nce5 19. Ncxe5 dxe5 20. Qb3 exd5 21. exd5 Bd6 22. Ng5 Qf5 23. Ne4 Kh8 24. Bd2 Rb5 25. Qc4 Nh4 26. Bg5 Ng6 27. Be3 Nh4 28. Nxd6 Nf3+ 29. gxf3 cxd6 30. Qg4 Qf7 31. Rac1 Rxd5 32. Rc8 h5 1-0


[Site "https://www.chess.com"]

[Event "Titled Tuesday Blitz May 24 Late 2022"]
[White "Escudero Donoso, Felipe"]
[Black "Sirosh, Ilja"]
[WhiteFideId "3410595"]
[BlackFideId "4500458"]
[WhiteElo "2184"]
[BlackElo "2241"]
[Result "0-1"]
[Round "02"]
[TimeControl "180+1"]
[Date "2022.05.25"]
[WhiteClock "0:00:35"]
[BlackClock "0:00:51"]

1. d4 d5 2. Nf3 Nf6 3. c4 e6 4. g3 dxc4 5. Bg2 Nbd7 6. Qc2 Nb6 7. Nbd2 Bd7 8. Nxc4 Bc6 9. O-O Be7 10. Na5 Be4 11. Qd1 O-O 12. Nb3 Qd5 13. Ne1 Bxg2 14. Nxg2 Rfd8 15. Nf4 Qd7 16. Bd2 Nc4 17. Bc3 Nd5 18. Nxd5 exd5 19. Qd3 Qh3 20. Nd2 Rd6 21. Nf3 Rh6 22. b3 Nd6 23. Bd2 Rh5 24. Rfc1 c6 25. e3 Ne4 26. Qf1 Qxf1+ 27. Kxf1 Rf5 28. Ke2 Rxf3 29. Kxf3 Nxd2+ 30. Ke2 Ne4 31. f3 Nf6 32. a3 a5 33. Kd3 h5 34. e4 dxe4+ 35. fxe4 Rd8 36. h3 Nd7 37. Ke3 Bg5+ 38. Kf3 Bxc1 39. Rxc1 Nf6 40. Rc4 b5 41. Rxc6 Rxd4 42. Rc5 Rd3+ 43. Ke2 Rxb3 44. e5 Ne4 45. Rc8+ Kh7 46. g4 hxg4 47. hxg4 Rxa3 48. Rb8 b4 49. Rb5 Nc3+ 0-1


[Site "https://www.chess.com"]

[Event "Titled Tuesday Blitz May 24 Late 2022"]
[White "Estrada Nieto, Julian"]
[Black "Wieczorek, Oskar"]
[WhiteFideId "5101018"]
[BlackFideId "1133950"]
[WhiteElo "2252"]
[BlackElo "2330"]
[Result "0-1"]
[Round "02"]
[TimeControl "180+1"]
[Date "2022.05.25"]
[WhiteClock "0:00:01"]
[BlackClock "0:00:54"]

1. e4 c5 2. Nf3 e6 3. c3 d5 4. exd5 exd5 5. d4 Nc6 6. Bb5 Bd6 7. dxc5 Bxc5 8. O-O Nf6 9. Nbd2 O-O 10. Nb3 Bb6 11. Re1 h6 12. Be3 Bg4 13. h3 Bh5 14. Bxb6 Qxb6 15. Bxc6 bxc6 16. g4 Bg6 17. Qd4 Ne4 18. Ne5 Qc7 19. Nc5 Bh7 20. Re3 Rfe8 21. Ned3 Re7 22. Rae1 Rae8 23. Nxe4 dxe4 24. Nc5 Qf4 25. Kg2 h5 26. Nd3 Qg5 27. Rg3 exd3 28. gxh5 Qxg3+ 29. Kxg3 Rxe1 30. h6 gxh6 31. f3 R1e2 32. Kh4 Bg6 33. c4 R2e4+ 0-1


[Site "https://www.chess.com"]

[Event "Titled Tuesday Blitz May 24 Late 2022"]
[White "Fawzy, Adham"]
[Black "Meunier-Pion, Jean"]
[WhiteFideId "10613129"]
[BlackFideId "20685327"]
[WhiteElo "2546"]
[BlackElo "2124"]
[Result "1-0"]
[Round "02"]
[TimeControl "180+1"]
[Date "2022.05.25"]
[WhiteClock "0:02:07"]
[BlackClock "0:00:14"]

1. e4 c5 2. c4 Nc6 3. Nc3 g6 4. g3 Bg7 5. Bg2 e6 6. Nge2 Nge7 7. d3 O-O 8. O-O Nd4 9. Be3 Nec6 10. Qd2 Nxe2+ 11. Nxe2 Nd4 12. Nxd4 cxd4 13. Bh6 d6 14. Bxg7 Kxg7 15. f4 f5 16. Rae1 Rb8 17. e5 b5 18. b3 Bb7 19. exd6 Qxd6 20. Re5 bxc4 21. dxc4 d3 22. Qc3 Kf7 23. Rd1 Rfd8 24. Re3 Bxg2 25. Kxg2 Qc6+ 26. Kf2 h5 27. h4 Rb7 28. Rexd3 Rbd7 29. Rxd7+ Rxd7 30. Rxd7+ Qxd7 31. c5 Qd5 32. c6 Qh1 33. c7 Qh2+ 34. Ke1 Qg1+ 35. Kd2 Qf2+ 36. Kc1 Qf1+ 37. Kb2 Qe2+ 38. Qc2 Qe3 39. c8=Q Qd4+ 40. Q8c3 1-0


[Site "https://www.chess.com"]

[Event "Titled Tuesday Blitz May 24 Late 2022"]
[White "Francisco Guecamburu, Candela Be"]
[Black "Dreev, Aleksey"]
[WhiteFideId "160911"]
[BlackFideId "4100107"]
[WhiteElo "1847"]
[BlackElo "2625"]
[Result "0-1"]
[Round "02"]
[TimeControl "180+1"]
[Date "2022.05.25"]
[WhiteClock "0:01:24"]
[BlackClock "0:01:56"]

1. e4 c6 2. d4 d5 3. e5 c5 4. dxc5 e6 5. Nf3 Bxc5 6. a3 Qb6 7. Qe2 Bd7 8. b4 Be7 9. Be3 Qc7 10. Qd1 Nc6 11. Bf4 g5 12. Bg3 h5 13. h3 Nh6 14. Bd3 h4 15. Bh2 g4 16. hxg4 Nxg4 17. Qe2 Nxh2 18. Rxh2 f6 19. Bg6+ Kd8 20. Rxh4 Rxh4 21. Nxh4 Qxe5 22. Qxe5 Nxe5 23. Bd3 a5 24. Ng6 Nxg6 25. Bxg6 axb4 0-1


[Site "https://www.chess.com"]

[Event "Titled Tuesday Blitz May 24 Late 2022"]
[White "Galiana Fernandez, Adrian"]
[Black "Garcia, Gabriel Gonzaga"]
[WhiteFideId "32010150"]
[BlackFideId "2138956"]
[WhiteElo "2133"]
[BlackElo "2240"]
[Result "1/2-1/2"]
[Round "02"]
[TimeControl "180+1"]
[Date "2022.05.25"]
[WhiteClock "0:00:16"]
[BlackClock "0:01:40"]

1. Nf3 Nf6 2. g3 b6 3. Bg2 Bb7 4. O-O g6 5. d3 d5 6. c4 dxc4 7. Qa4+ Nbd7 8. dxc4 Bg7 9. Rd1 O-O 10. Ne5 Bxg2 11. Kxg2 c6 12. Nxd7 Nxd7 13. Qxc6 Ne5 14. Rxd8 Nxc6 15. Rxa8 Rxa8 16. Nc3 Bxc3 17. bxc3 Ne5 18. Ba3 Nxc4 19. Bxe7 Re8 20. Bf6 Rxe2 21. Rd1 Rd2 22. Rxd2 Nxd2 23. f3 Kf8 24. Kf2 Nc4 25. Ke2 Ke8 26. Kd3 Nd6 27. Kd4 Kd7 28. Kd5 Nf5 29. a4 Ne3+ 30. Kd4 Nf1 31. Be5 Nxh2 32. Ke3 Nf1+ 33. Ke2 f6 34. Bb8 Kc8 35. Bd6 Kd7 36. Bb8 Kc8 37. Bd6 Kd7 38. Bb8 1/2-1/2


[Site "https://www.chess.com"]

[Event "Titled Tuesday Blitz May 24 Late 2022"]
[White "Garagulya, Konstantin"]
[Black "Levine, David"]
[WhiteFideId "4128931"]
[BlackFideId "2011611"]
[WhiteElo "2329"]
[BlackElo "2104"]
[Result "1-0"]
[Round "02"]
[TimeControl "180+1"]
[Date "2022.05.25"]
[WhiteClock "0:01:44"]
[BlackClock "0:00:03"]

1. d4 Nf6 2. Nf3 g6 3. Nc3 d5 4. Bf4 Bg7 5. e3 O-O 6. Nb5 Na6 7. c4 c6 8. Nc3 Nc7 9. Rc1 Bg4 10. h3 Bxf3 11. Qxf3 Ne6 12. Be5 Ng5 13. Qd1 Nge4 14. Qb3 Qb6 15. cxd5 Qxb3 16. axb3 cxd5 17. f3 Nxc3 18. bxc3 Nd7 19. Bh2 Rfc8 20. Kd2 a6 21. Bd3 e5 22. Rhe1 f5 23. g4 e4 24. Be2 Nf6 25. g5 Nd7 26. c4 Nb6 27. fxe4 fxe4 28. c5 Nd7 29. Bg4 Rd8 30. Bc7 1-0


[Site "https://www.chess.com"]

[Event "Titled Tuesday Blitz May 24 Late 2022"]
[White "Gil Alba, Hector Luis"]
[Black "Gatterer, Florian"]
[WhiteFideId "3504670"]
[BlackFideId "811688"]
[WhiteElo "2331"]
[BlackElo "2218"]
[Result "1-0"]
[Round "02"]
[TimeControl "180+1"]
[Date "2022.05.25"]
[WhiteClock "0:01:14"]
[BlackClock "0:00:08"]

1. e4 c5 2. Nf3 Nc6 3. Bb5 e5 4. O-O Bd6 5. Na3 Bc7 6. Nc4 Qe7 7. c3 a6 8. Bxc6 dxc6 9. d4 cxd4 10. cxd4 exd4 11. Qxd4 f6 12. e5 Be6 13. Nd6+ Bxd6 14. exd6 Qd7 15. Re1 Rd8 16. Bf4 Kf7 17. Bg3 h5 18. Qf4 Bd5 19. Ne5+ Kf8 20. Nxd7+ Rxd7 21. Qf5 Rd8 22. d7 Nh6 23. Re8+ Rxe8 24. dxe8=Q+ Kxe8 25. Qc8+ Kf7 26. Qxh8 1-0


[Site "https://www.chess.com"]

[Event "Titled Tuesday Blitz May 24 Late 2022"]
[White "Goltsev, Dmitry"]
[Black "Huber, Benedikt"]
[WhiteFideId "24176710"]
[BlackFideId "12923583"]
[WhiteElo "2258"]
[BlackElo "1979"]
[Result "1-0"]
[Round "02"]
[TimeControl "180+1"]
[Date "2022.05.25"]
[WhiteClock "0:00:34"]
[BlackClock "0:00:14"]

1. e4 c5 2. Nf3 e6 3. d4 cxd4 4. Nxd4 Nc6 5. Nc3 Qc7 6. Be2 a6 7. O-O Nf6 8. Be3 d6 9. f4 Be7 10. h3 O-O 11. Qd2 Nxd4 12. Bxd4 e5 13. Be3 Be6 14. Rad1 b5 15. a3 Rac8 16. g4 Bc4 17. g5 Nd7 18. Bxc4 Qxc4 19. f5 Nc5 20. b3 Nxb3 21. cxb3 Qxc3 22. Qf2 f6 23. g6 h6 24. Rde1 Rfd8 25. Qh4 Bf8 26. Re2 Qd3 27. Bxh6 gxh6 28. Qxf6 Bg7 29. Qe6+ Kh8 30. f6 Rg8 31. fxg7+ Rxg7 32. Qxc8+ Rg8 33. g7+ Kxg7 34. Rg2+ 1-0


[Site "https://www.chess.com"]

[Event "Titled Tuesday Blitz May 24 Late 2022"]
[White "Gong, Patrick"]
[Black "Bas Mas, Jose Joaquin"]
[WhiteFideId "3222500"]
[BlackFideId "22219064"]
[WhiteElo "2103"]
[BlackElo "2233"]
[Result "1-0"]
[Round "02"]
[TimeControl "180+1"]
[Date "2022.05.25"]
[WhiteClock "0:00:13"]
[BlackClock "0:00:11"]

1. e4 c5 2. c3 d5 3. exd5 Qxd5 4. d4 Nf6 5. Nf3 e6 6. Bd3 Nc6 7. O-O Be7 8. dxc5 a5 9. Qe2 O-O 10. Bg5 Qxc5 11. Nbd2 h6 12. Be3 Qh5 13. Ne4 Nxe4 14. Bxe4 Bd7 15. Rfd1 Rfd8 16. h3 f5 17. Bc2 Be8 18. Bb6 Rxd1+ 19. Rxd1 Qg6 20. Bb3 Bf7 21. Rd7 a4 22. Bc4 e5 23. Bxf7+ Qxf7 24. Nxe5 Qe6 25. Qc4 Qxc4 26. Nxc4 Bf6 27. a3 Re8 28. Kf1 Re4 29. Nd6 Re5 30. Nxb7 Rb5 31. Be3 Rxb2 32. Nc5 Rb1+ 33. Ke2 Rb2+ 34. Kd1 Ne5 35. Rb7 Ra2 36. Nxa4 Rxa3 37. Nc5 Nc4 38. Bd4 Bxd4 39. cxd4 Ra1+ 40. Ke2 Ra2+ 41. Kf3 g5 42. Ne6 Nd6 43. Rd7 Ne4 44. Ke3 Ra3+ 45. Ke2 Ra2+ 46. Kd1 Rxf2 47. Kc1 Rxg2 48. d5 Rg1+ 49. Kc2 Rg2+ 50. Kb3 Rd2 51. Kc4 f4 52. Nd4 Rd1 53. Re7 Nf6 54. Re6 Kf7 55. Ra6 f3 56. Ra7+ Kg6 57. Nxf3 Nxd5 58. Ra6+ Kf5 59. Nd4+ Ke4 60. Re6+ Kf4 61. Kxd5 Kg3 62. Rxh6 Rh1 63. Ne2+ Kf3 64. Nd4+ Kg3 65. Nf5+ Kf4 66. Ke6 Re1+ 67. Kf6 g4 68. Rh4 Rg1 69. Nh6 Kg3 70. Rxg4+ Kh2 71. Rxg1 Kxg1 72. h4 Kf2 73. h5 Ke3 74. Nf5+ 1-0


[Site "https://www.chess.com"]

[Event "Titled Tuesday Blitz May 24 Late 2022"]
[White "Grischuk, Alexander"]
[Black "Skliarov, Viktor"]
[WhiteFideId "4126025"]
[BlackFideId "14106736"]
[WhiteElo "2762"]
[BlackElo "2229"]
[Result "1-0"]
[Round "02"]
[TimeControl "180+1"]
[Date "2022.05.24"]
[WhiteClock "0:01:28"]
[BlackClock "0:00:19"]

1. d4 Nf6 2. Nf3 g6 3. c4 Bg7 4. Nc3 O-O 5. e4 d6 6. h3 c5 7. d5 e6 8. Bd3 exd5 9. cxd5 a6 10. a4 Nbd7 11. O-O Ne8 12. Re1 Qc7 13. Nd2 Ne5 14. Bf1 f5 15. f4 Nf7 16. Nc4 Bd4+ 17. Be3 Bxe3+ 18. Rxe3 fxe4 19. Nxe4 Bf5 20. Ng3 Ng7 21. Qd2 b5 22. Na5 c4 23. Nc6 Rae8 24. axb5 axb5 25. Kh2 Qb6 26. Ne7+ Kh8 27. Rae1 Bd7 28. Qc3 Qc5 29. Ne4 b4 30. Nxc5 bxc3 31. Nxd7 cxb2 32. Nxf8 Rxf8 33. Bxc4 Rb8 34. Rb3 1-0


[Site "https://www.chess.com"]

[Event "Titled Tuesday Blitz May 24 Late 2022"]
[White "Hamitevici, Vladimir"]
[Black "Roman, Rodrigo"]
[WhiteFideId "13902393"]
[BlackFideId "3701220"]
[WhiteElo "2359"]
[BlackElo "2001"]
[Result "1-0"]
[Round "02"]
[TimeControl "180+1"]
[Date "2022.05.25"]
[WhiteClock "0:00:19"]
[BlackClock "0:00:14"]

1. c4 c6 2. Nf3 d5 3. d4 Nf6 4. Qb3 Qb6 5. Nc3 Nbd7 6. Bf4 e6 7. c5 Qxb3 8. axb3 b5 9. b4 Be7 10. Nd2 O-O 11. Nb3 Nh5 12. Bc7 Ndf6 13. h3 g6 14. e3 Ng7 15. Bd3 Bd7 16. Ra6 Rfc8 17. Bh2 h5 18. Kd2 Nf5 19. Rha1 Nh4 20. Bf1 Kf8 21. Rxa7 Rxa7 22. Rxa7 Ke8 23. Na5 g5 24. Nb7 g4 25. Nd6+ Bxd6 26. Bxd6 gxh3 27. gxh3 Nf5 28. Be5 Ng8 29. Be2 h4 30. Bh5 Nge7 31. Ne2 Ng6 32. Bxg6 fxg6 33. Nf4 Kf7 34. Rxd7+ Kf8 35. Nxg6+ Ke8 36. Rh7 Rd8 37. Bf6 Rd7 38. Rh8+ Kf7 39. Ne5+ Kxf6 40. Nxd7+ Kg6 41. Ne5+ Kg7 42. Rh5 Kf6 43. Rxf5+ Kxf5 44. Nxc6 Ke4 45. Ke2 e5 46. f3+ Kf5 47. Nxe5 1-0


[Site "https://www.chess.com"]

[Event "Titled Tuesday Blitz May 24 Late 2022"]
[White "Hansen, Eric"]
[Black "Kosteniuk, Alexandra"]
[WhiteFideId "2606771"]
[BlackFideId "4128125"]
[WhiteElo "2568"]
[BlackElo "2469"]
[Result "1/2-1/2"]
[Round "02"]
[TimeControl "180+1"]
[Date "2022.05.24"]
[WhiteClock "0:00:03"]
[BlackClock "0:01:06"]

1. d4 Nf6 2. c4 e6 3. Nf3 d5 4. Nc3 Bb4 5. Bg5 O-O 6. e3 h6 7. Bxf6 Qxf6 8. Rc1 Nc6 9. a3 Bxc3+ 10. Rxc3 Rd8 11. cxd5 exd5 12. Bb5 Bg4 13. h3 Bh5 14. O-O Rd6 15. Be2 Qe7 16. b4 Bxf3 17. Bxf3 Nd8 18. b5 a6 19. a4 axb5 20. axb5 Ra5 21. Qb3 Qd7 22. Rb1 Ne6 23. Qb4 b6 24. Be2 Ng5 25. Bg4 f5 26. Bh5 Ne4 27. Rc2 Rf6 28. Rbc1 Rxb5 29. Qa4 c6 30. Rxc6 Rxc6 31. Qa8+ Kh7 32. Rxc6 Rb1+ 33. Kh2 Nf6 34. Bf3 Rb2 35. Kg1 Rb1+ 36. Kh2 Rb2 37. Kg1 Rb1+ 38. Kh2 1/2-1/2


[Site "https://www.chess.com"]

[Event "Titled Tuesday Blitz May 24 Late 2022"]
[White "Hasangatin, Ramil"]
[Black "Grigoriants, Sergey"]
[WhiteFideId "4122160"]
[BlackFideId "4130804"]
[WhiteElo "2399"]
[BlackElo "2502"]
[Result "1-0"]
[Round "02"]
[TimeControl "180+1"]
[Date "2022.05.24"]
[WhiteClock "0:00:02"]
[BlackClock "0:00:05"]

1. e4 c5 2. Nf3 e6 3. g3 Nc6 4. Bg2 Nf6 5. d3 g6 6. O-O Bg7 7. Bg5 h6 8. Bf4 d6 9. c3 e5 10. Be3 O-O 11. h3 Re8 12. a3 b6 13. b4 Be6 14. b5 Nb8 15. c4 a6 16. Nc3 axb5 17. cxb5 Nbd7 18. Nd2 Nf8 19. Nc4 Bxc4 20. dxc4 Ne6 21. a4 Nd4 22. Bd2 Qd7 23. Re1 Ra7 24. Kh2 Rea8 25. Bf1 Ne8 26. Bd3 Nc7 27. Kg2 Rf8 28. Qg4 Qd8 29. Reb1 Qa8 30. Ra2 Kh7 31. Qh4 f5 32. g4 Nf3 33. Qg3 Nxd2 34. Rxd2 Ne6 35. gxf5 gxf5 36. Kh2 f4 37. Qg4 Nd4 38. f3 Bf6 39. Rg2 Rg7 40. Qh5 Rfg8 41. Rbg1 Qa5 42. Nd5 Rxg2+ 43. Rxg2 Rxg2+ 44. Kxg2 Qd2+ 45. Kh1 Qe1+ 46. Kh2 Qg3+ 47. Kh1 Bg7 48. Qf7 Qxh3+ 49. Kg1 Qg3+ 50. Kh1 Qxf3+ 51. Kh2 Qg3+ 52. Kh1 Qh4+ 53. Kg1 f3 54. Bf1 Qg5+ 55. Kh1 h5 56. Ne7 Qh4+ 57. Kg1 1-0


[Site "https://www.chess.com"]

[Event "Titled Tuesday Blitz May 24 Late 2022"]
[White "Holt, Conrad"]
[Black "Keller, Peter"]
[WhiteFideId "2034387"]
[BlackFideId "1272105"]
[WhiteElo "2586"]
[BlackElo "2275"]
[Result "1-0"]
[Round "02"]
[TimeControl "180+1"]
[Date "2022.05.25"]
[WhiteClock "0:00:20"]
[BlackClock "0:00:09"]

1. d4 Nf6 2. c4 e6 3. Nc3 Bb4 4. Qc2 d5 5. cxd5 Qxd5 6. Nf3 Qf5 7. Qxf5 exf5 8. Bd2 c6 9. e3 Nbd7 10. Bd3 Nb6 11. Ke2 O-O 12. Rhc1 Bd6 13. h3 g6 14. a4 a5 15. b3 Re8 16. Kf1 Be6 17. Rab1 Nbd5 18. Ng5 Nb4 19. Bc4 Kg7 20. Nxe6+ fxe6 21. f3 e5 22. dxe5 Bxe5 23. Rd1 Rad8 24. Ne2 Nfd5 25. Kf2 Bf6 26. Bxd5 Rxd5 27. Bxb4 Rxd1 28. Rxd1 axb4 29. Nf4 Re7 30. Nd3 Bc3 31. Nc5 Kf7 32. a5 Bb2 33. f4 h5 34. Kf3 Ke8 35. e4 fxe4+ 36. Nxe4 Kf7 37. Rd8 Bc1 38. Nd6+ Ke6 39. Ne4 Kf7 40. g4 hxg4+ 41. hxg4 Bb2 42. Rb8 Bd4 43. Rxb7 Rxb7 44. Nd6+ Ke6 45. Nxb7 c5 46. Ke4 Kd7 47. Kd5 Kc7 48. Nxc5 Bxc5 49. Kxc5 1-0


[Site "https://www.chess.com"]

[Event "Titled Tuesday Blitz May 24 Late 2022"]
[White "Isajevsky, Anton"]
[Black "Mekhitarian, Krikor Sevag"]
[WhiteFideId "4142500"]
[BlackFideId "2107660"]
[WhiteElo "2510"]
[BlackElo "2598"]
[Result "1-0"]
[Round "02"]
[TimeControl "180+1"]
[Date "2022.05.24"]
[WhiteClock "0:00:03"]
[BlackClock "0:01:04"]

1. c4 c5 2. Nc3 Nc6 3. Nf3 g6 4. e3 Bg7 5. d4 d6 6. h3 Nh6 7. d5 Ne5 8. Nxe5 Bxe5 9. e4 Bg7 10. Bd3 O-O 11. O-O f5 12. Bxh6 Bxh6 13. exf5 gxf5 14. Qh5 Bg7 15. Rab1 Qe8 16. Qxe8 Rxe8 17. Nb5 Rf8 18. Rfe1 Bf6 19. Nc7 Rb8 20. Ne6 Bxe6 21. Rxe6 f4 22. b3 Kg7 23. Kf1 Rf7 24. Ke2 Be5 25. Kf3 a6 26. a4 Re8 27. Re1 Rf6 28. Rxf6 Kxf6 29. Bxh7 b5 30. cxb5 axb5 31. axb5 Ra8 32. Bd3 Ra2 33. Re2 Ra1 34. h4 Ra8 35. g4 fxg3 36. fxg3 Rf8 37. g4 Kg7+ 38. Bf5 Rb8 39. Bd7 Rf8+ 40. Bf5 Ra8 41. g5 Rb8 42. Bd3 Rf8+ 43. Kg4 Rf4+ 44. Kh5 Rd4 45. Bf5 Rxd5 46. Rf2 Rd4 47. Be6 Bf4 48. b6 Rb4 49. b7 d5 50. Rxf4 Rxb7 51. Rf7+ Kh8 52. Kh6 1-0


[Site "https://www.chess.com"]

[Event "Titled Tuesday Blitz May 24 Late 2022"]
[White "Janaszak, Dawid"]
[Black "Melkumyan, Hrant"]
[WhiteFideId "1119206"]
[BlackFideId "13302485"]
[WhiteElo "2199"]
[BlackElo "2604"]
[Result "0-1"]
[Round "02"]
[TimeControl "180+1"]
[Date "2022.05.24"]
[WhiteClock "0:00:08"]
[BlackClock "0:00:07"]

1. e4 e6 2. d4 d5 3. Bd3 dxe4 4. Bxe4 Nf6 5. Bf3 Be7 6. Nc3 O-O 7. Bf4 Na6 8. Nge2 c5 9. O-O Qb6 10. Na4 Qa5 11. Nxc5 Nxc5 12. dxc5 Qxc5 13. Qd4 Qxc2 14. Rfc1 Qf5 15. Rc7 Bd8 16. Rc5 Bb6 17. Rxf5 Bxd4 18. Rb5 Bb6 19. a4 Bd7 20. Rb3 Nd5 21. Bxd5 exd5 22. a5 Bd8 23. Rxb7 Bc6 24. Rb3 Bf6 25. Be3 a6 26. Nd4 Bd7 27. g3 Rfb8 28. Rb6 h5 29. Rd1 Rc8 30. Nf3 Bd8 31. Rb7 Bg4 32. Kg2 Bxa5 33. Rxd5 Bd8 34. Ne5 Be6 35. Rd2 Bf6 36. Nd7 Bd8 37. Nb6 Bxb6 38. Rxb6 a5 39. Bd4 a4 40. Rd1 Rd8 41. Rd2 Rd5 42. Bc3 Rf5 43. f3 Bd5 44. Rd3 Re8 45. Kf2 f6 46. Rb5 Be6 47. Rxf5 Bxf5 48. Re3 Rc8 49. Ke1 Bg6 50. Kd2 Rd8+ 51. Ke1 Kf7 52. Kf2 Rc8 53. f4 Bf5 54. Re2 a3 55. Re1 a2 56. Ra1 Bb1 57. Ke3 Ke6 58. Kd2 Kd5 59. Kc1 Kc4 60. Rxb1 axb1=Q+ 61. Kxb1 Kb3 62. Kc1 Rd8 63. h3 Rd3 64. g4 h4 65. g5 fxg5 66. fxg5 g6 67. Be1 Rxh3 68. Kd2 Rh1 69. Bf2 h3 70. Ke2 h2 71. Bg3 Rb1 0-1


[Site "https://www.chess.com"]

[Event "Titled Tuesday Blitz May 24 Late 2022"]
[White "Jeet, Jain"]
[Black "Ibarra Jerez, Jose Carlos"]
[WhiteFideId "5073022"]
[BlackFideId "2226332"]
[WhiteElo "2028"]
[BlackElo "2626"]
[Result "0-1"]
[Round "02"]
[TimeControl "180+1"]
[Date "2022.05.24"]
[WhiteClock "0:00:13"]
[BlackClock "0:00:28"]

1. d4 Nf6 2. Nf3 g6 3. Nc3 d5 4. Bf4 Bg7 5. e3 O-O 6. h3 c5 7. Be2 cxd4 8. exd4 a6 9. O-O Nc6 10. Ne5 Qb6 11. Nxc6 Qxc6 12. Bd3 Ne4 13. Ne2 Qb6 14. Rb1 Bf5 15. c3 Rfe8 16. f3 e5 17. Be3 Nd6 18. Bxf5 Nxf5 19. Bf2 e4 20. f4 e3 21. Be1 h5 22. Qd3 h4 23. Kh2 Re4 24. g4 hxg3+ 25. Nxg3 Nxg3 26. Bxg3 e2 27. Rfe1 Rae8 28. Qd2 Qe6 29. Rg1 Qf5 30. Rbe1 Re3 31. Rg2 Qe4 32. Rf2 Bh6 33. a3 Kh7 34. a4 Bf8 35. Rg2 Bd6 36. Kh1 Rxg3 37. Rxe2 Qb1+ 38. Kh2 Rxg2+ 39. Rxg2 Qf5 40. Rf2 Re4 41. Kg2 Rxf4 42. Rxf4 Qxf4 0-1


[Site "https://www.chess.com"]

[Event "Titled Tuesday Blitz May 24 Late 2022"]
[White "Jorquera, Marcelo"]
[Black "Al-Tarboush, Ward"]
[WhiteFideId "3401197"]
[BlackFideId "7601450"]
[WhiteElo "2136"]
[BlackElo "2294"]
[Result "0-1"]
[Round "02"]
[TimeControl "180+1"]
[Date "2022.05.25"]
[WhiteClock "0:00:03"]
[BlackClock "0:01:09"]

1. e4 e6 2. Qe2 c5 3. Nc3 Nc6 4. Nf3 Be7 5. g3 d5 6. d3 d4 7. Nb1 e5 8. Bg2 Bg4 9. h3 Be6 10. a4 Qd7 11. Ng5 Bxg5 12. Bxg5 f6 13. Bd2 Nge7 14. b3 g5 15. Na3 O-O-O 16. O-O-O Kb8 17. f4 h6 18. Rdf1 Qd6 19. Kb2 Rhf8 20. Rf2 Nb4 21. Rhf1 Qb6 22. Bxb4 cxb4 23. Nc4 Bxc4 24. dxc4 d3 25. cxd3 Nc6 26. fxe5 Nxe5 27. Rd1 Rxd3 28. Rff1 Qd4+ 29. Ka2 Rd8 30. Rxd3 Nxd3 31. e5 Nxe5 32. Qe4 Qd2+ 33. Kb1 Qd3+ 34. Qxd3 Rxd3 35. Rxf6 Rxb3+ 36. Kc1 Rc3+ 37. Kb1 Rb3+ 38. Kc1 Rxg3 39. Bd5 b3 40. Kb2 Rxh3 41. Re6 Re3 42. Rxh6 g4 43. Rh7 g3 44. Rxb7+ Kc8 45. Rg7 a5 46. c5 Nd3+ 47. Kxb3 Nxc5+ 48. Kc4 Nxa4 49. Be6+ Rxe6 0-1


[Site "https://www.chess.com"]

[Event "Titled Tuesday Blitz May 24 Late 2022"]
[White "Kaasen, Tor Fredrik"]
[Black "Dudzinski, Pawel"]
[WhiteFideId "1516647"]
[BlackFideId "1117890"]
[WhiteElo "2335"]
[BlackElo "2011"]
[Result "1-0"]
[Round "02"]
[TimeControl "180+1"]
[Date "2022.05.25"]
[WhiteClock "0:00:24"]
[BlackClock "0:00:14"]

1. e4 c6 2. d4 d5 3. exd5 cxd5 4. Bd3 Nf6 5. h3 g6 6. Nf3 Nc6 7. c3 Bf5 8. Ne5 Bxd3 9. Nxd3 Bg7 10. O-O O-O 11. Re1 Ne4 12. Nd2 f5 13. Nf1 Qb6 14. Nf4 e5 15. Nxd5 Qd8 16. dxe5 Nxe5 17. f3 Nc5 18. Nf4 Ned3 19. Nxd3 Nxd3 20. Qb3+ Kh8 21. Rd1 Nxc1 22. Rxd8 Nxb3 23. Rxf8+ Bxf8 24. axb3 Rd8 25. Kf2 Kg7 26. Ke2 Kf6 27. Rxa7 Rd7 28. Ra5 Bh6 29. Rb5 Bc1 30. Rb6+ Kg5 31. g3 Bxb2 32. f4+ Kh6 33. c4 Kg7 34. Re6 Kf7 35. Re3 Bc1 36. Rc3 Bb2 37. Rd3 Re7+ 38. Ne3 Bc1 39. Kf3 Bxe3 40. Rxe3 Rd7 41. Ke2 Rc7 42. Re5 h5 43. Rb5 Kg7 44. c5 Kh6 45. h4 Re7+ 46. Kd3 Rd7+ 47. Kc4 Re7 48. b4 Rd7 49. Rb6 Kg7 50. b5 Kf7 51. c6 bxc6 52. bxc6 Rd1 53. Rb3 Ke7 54. Kc5 Kd8 55. Rb8+ Kc7 56. Rb7+ Kc8 57. Rg7 Rc1+ 58. Kd6 Rd1+ 59. Ke5 Re1+ 60. Kf6 Rc1 61. Rxg6 Rxc6+ 62. Kxf5 Rc3 63. Kf6 Kd7 64. Kg7 Ke8 65. Kh6 Rc5 66. Rg5 Rc3 67. Kxh5 Kf7 68. Kg4 Kf6 69. Ra5 Rc6 70. h5 Kg7 71. Kg5 Kh7 72. Ra7+ Kh8 73. f5 Kg8 74. h6 Kh8 75. g4 Kg8 76. Kh5 Kh8 77. g5 Rc5 78. Ra8+ Kh7 79. g6# 1-0


[Site "https://www.chess.com"]

[Event "Titled Tuesday Blitz May 24 Late 2022"]
[White "Kamsky, Gata"]
[Black "Kruckenhauser, Arthur"]
[WhiteFideId "2000024"]
[BlackFideId "1642812"]
[WhiteElo "2645"]
[BlackElo "2243"]
[Result "1-0"]
[Round "02"]
[TimeControl "180+1"]
[Date "2022.05.24"]
[WhiteClock "0:00:20"]
[BlackClock "0:00:08"]

1. d4 d5 2. Bf4 c5 3. e3 Nc6 4. c3 Nf6 5. Nd2 Bf5 6. Ngf3 cxd4 7. exd4 e6 8. Be2 Bd6 9. Bg3 O-O 10. O-O Bxg3 11. hxg3 Rb8 12. a4 Ne4 13. Re1 Qb6 14. Qb3 Qxb3 15. Nxb3 b6 16. Nbd2 Nd6 17. Ne5 Rfc8 18. g4 Bg6 19. g5 Nxe5 20. dxe5 Nb7 21. Nf3 Na5 22. Bb5 Nb3 23. Ra3 Nc5 24. Nd4 a6 25. Bf1 Bd3 26. Re3 Bxf1 27. Kxf1 Nb7 28. Ra1 Na5 29. g3 Nc6 30. Nf3 Na5 31. Kg2 Nc6 32. Rh1 Ne7 33. Nd4 Rc4 34. b3 Rc7 35. g4 Ng6 36. Ne2 Rbc8 37. f4 b5 38. axb5 axb5 39. f5 Ne7 40. f6 Ng6 41. Reh3 b4 42. Rxh7 bxc3 43. fxg7 f5 44. gxf6 c2 45. Rh8+ Kf7 46. Rxc8 Rxc8 47. g5 d4 48. Nc1 Nxe5 49. Rh8 Rg8 50. b4 Ng6 51. Rxg8 Kxg8 52. b5 Nf4+ 53. Kf3 d3 54. Ke3 e5 55. b6 e4 56. b7 Nd5+ 57. Kd2 Kh7 58. b8=Q 1-0


[Site "https://www.chess.com"]